General information
	        
			
        
        - name: 1V1 NOOBS AND OBS
 
        - type: Custom game
 
        - host: Gobiner
 
        - saver: Gobiner
 
        
map: SecretValley 
        - players: 11
 
        - length: 29:42
 
        - speed: Fast
 - version: 1.22 W3XP
 - replay type:  Public
 
» download(89 KB)
Players
        team 1 (winner) 
              
              
kunt.roII (
gray | 84 APM | 2491 actions | 29:41)
              
 8 Dark Ranger 
 3 Life Drain
 3 Silence
 1 Charm
 1 Black Arrow
 
                » actions 
                
                | Assign group hotkey | 90 |  | 
| Basic commands | 54 |  | 
| Build / train | 98 |  | 
| ESC pressed | 7 |  | 
| Enter build submenu | 46 |  | 
| Enter hero's abilities submenu | 8 |  | 
| Give item / drop item | 1 |  | 
| Remove unit from queue | 1 |  | 
| Right click | 1171 |  | 
| Select / deselect | 493 |  | 
| Select group hotkey | 336 |  | 
| Use ability | 186 |  | 
                2491 total
 » units 
                
                | Acolyte | 13 |  | 
| Ghoul | 13 |  | 
| Gargoyle | 3 |  | 
| Obsidian Statue | 3 |  | 
| Meatwagon | 7 |  | 
| Banshee | 15 |  | 
| Crypt Fiend | 6 |  | 
                60 total
 » upgrades
                
                | Banshee Training | 3 |  | 
| Web | 1 |  | 
| Burrow | 1 |  | 
                5 total
 » buildings
                
                | Altar of Darkness | 2 |  | 
| Crypt | 3 |  | 
| Ziggurat | 10 |  | 
| Tomb of Relics | 1 |  | 
| Halls of the Dead | 8 |  | 
| Nerubian Tower | 1 |  | 
| Graveyard | 2 |  | 
| Black Citadel | 3 |  | 
| Temple of the Damned | 3 |  | 
| Slaughterhouse | 1 |  | 
| Necropolis | 1 |  | 
| War Mill | 1 |  | 
| Watch Tower | 10 |  | 
| Spirit Tower | 1 |  | 
| Orc Burrow | 5 |  | 
| Great Hall | 1 |  | 
                53 total
 » build order
                00:08 Altar of Darkness
00:15 Crypt
00:26 Ziggurat
00:52 Tomb of Relics
01:30 Ziggurat
02:46 Halls of the Dead
02:46 Halls of the Dead
03:28 Nerubian Tower
03:30 Ziggurat
03:38 Graveyard
05:16 Black Citadel
05:16 Black Citadel
05:17 Black Citadel
05:20 Temple of the Damned
05:23 Temple of the Damned
05:47 Slaughterhouse
12:14 Ziggurat
14:25 Necropolis
16:40 Ziggurat
16:41 Ziggurat
16:42 Crypt
16:43 Ziggurat
17:36 Ziggurat
17:40 Graveyard
18:26 War Mill
21:11 Halls of the Dead
21:11 Halls of the Dead
23:04 Watch Tower
23:05 Watch Tower
23:06 Watch Tower
23:39 Spirit Tower
23:43 Altar of Darkness
23:46 Temple of the Damned
24:17 Watch Tower
24:18 Watch Tower
24:19 Watch Tower
25:23 Watch Tower
25:24 Watch Tower
25:26 Watch Tower
25:29 Watch Tower
25:52 Crypt
25:53 Ziggurat
25:54 Ziggurat
26:27 Orc Burrow
27:49 Great Hall
27:51 Orc Burrow
27:53 Orc Burrow
27:54 Orc Burrow
28:28 Orc Burrow
» items
                
                | Rod of Necromancy | 2 |  | 
| Sacrificial Skull | 1 |  | 
| Potion of Healing | 1 |  | 
| Potion of Mana | 1 |  | 
| Orb of Corruption | 1 |  | 
| Circlet of Nobility | 1 |  | 
                7 total
  
               team 2 (loser) 
              
              
DT)ArreVA (
red | 63 APM | 1883 actions | 29:41)
              
 1 Far Seer 
 1 Feral Spirit
 
                » actions 
                
                | Assign group hotkey | 17 |  | 
| Basic commands | 199 |  | 
| Build / train | 53 |  | 
| Enter build submenu | 68 |  | 
| Enter hero's abilities submenu | 1 |  | 
| Remove unit from queue | 13 |  | 
| Right click | 621 |  | 
| Select / deselect | 524 |  | 
| Select group hotkey | 209 |  | 
| Use ability | 178 |  | 
                1883 total
 » units 
                
                | Peon | 20 |  | 
| Grunt | 19 |  | 
| Troll Headhunter/Berserker | 1 |  | 
                40 total
 » buildings
                
                | Altar of Storms | 1 |  | 
| Orc Burrow | 3 |  | 
| Barracks | 1 |  | 
| War Mill | 1 |  | 
| Voodoo Lounge | 2 |  | 
| Watch Tower | 50 |  | 
                58 total
 » build order
                00:31 Altar of Storms
00:45 Orc Burrow
01:56 Barracks
02:14 War Mill
03:27 Voodoo Lounge
04:12 Watch Tower
04:36 Watch Tower
04:40 Watch Tower
05:49 Watch Tower
05:55 Watch Tower
05:58 Watch Tower
06:08 Orc Burrow
06:57 Watch Tower
07:19 Watch Tower
07:54 Watch Tower
07:58 Watch Tower
08:26 Watch Tower
08:40 Watch Tower
08:58 Watch Tower
09:22 Watch Tower
09:29 Orc Burrow
09:53 Watch Tower
10:41 Watch Tower
11:07 Watch Tower
11:18 Watch Tower
11:20 Watch Tower
11:24 Watch Tower
12:02 Watch Tower
12:07 Watch Tower
12:18 Watch Tower
12:34 Watch Tower
12:46 Voodoo Lounge
13:10 Watch Tower
13:24 Watch Tower
14:22 Watch Tower
14:32 Watch Tower
15:16 Watch Tower
15:26 Watch Tower
15:44 Watch Tower
16:05 Watch Tower
16:23 Watch Tower
16:57 Watch Tower
17:09 Watch Tower
17:11 Watch Tower
17:15 Watch Tower
17:30 Watch Tower
18:19 Watch Tower
18:22 Watch Tower
19:00 Watch Tower
19:13 Watch Tower
20:10 Watch Tower
22:31 Watch Tower
22:37 Watch Tower
22:44 Watch Tower
23:00 Watch Tower
23:41 Watch Tower
23:57 Watch Tower
24:17 Watch Tower
» items
                
                | Healing Salve | 2 |  | 
| Lesser Clarity Potion | 2 |  | 
| Scroll of Speed | 2 |  | 
                6 total
  
               observersGobiner, 
MeTro, 
more.amore, 
diodio, 
ENDOZERO, 
cuppa_mocha, 
aYa., 
Polardude, 
The-Iceman Chat log
          (00:09 / Observers) cuppa_mocha: hey
(00:12 / Observers) Polardude: hi
(00:15 / Observers) The-Iceman: sup
(00:16 / Observers) Gobiner: HEY
(00:17 / Observers) cuppa_mocha: starcraft is better
(00:17 / All) DT)ArreVA: maria tha tha  tha
(00:21 / All) kunt.roII: ?:)
(00:22 / Observers) Gobiner: WHATS UP
(00:32 / Observers) Polardude: nothin
(00:34 / Observers) diodio: ugg this is gonna b boring
(00:37 / Observers) cuppa_mocha: starcraft is better
(00:38 / Observers) aYa.: 2 newbs
(00:46 / Observers) aYa.: endozero mhs and he still sucks 3-0 against u bitch
(00:48 / Observers) more.amore: or extremely funny
(00:49 / Observers) Polardude: red sucks
(01:02 / Observers) more.amore: lol at reds base
(01:05 / Observers) cuppa_mocha: gray sucks
(01:21 / Observers) Polardude: grasy is better than red though
(01:51 / Observers) Polardude: am i the only one left
(01:54 / Observers) cuppa_mocha: me
(01:55 / Observers) Gobiner: no
(03:26 / Observers) Polardude: grey can just use all his ghouls and own right now
(03:31 / Observers) cuppa_mocha: lol
(03:36 / Observers) Polardude: lol
(04:05 / Observers) cuppa_mocha: lol
(04:09 / All) kunt.roII: gl & hf
(04:13 / Observers) Polardude: wow
(04:16 / Observers) cuppa_mocha: gg and lol
(05:04 / All) kunt.roII: LOL
(05:28 / All) kunt.roII: this game is hard
(05:30 / All) DT)ArreVA: very lag   hack
(05:32 / Observers) cuppa_mocha: no
(06:15 / All) DT)ArreVA: lol
(06:20 / All) DT)ArreVA: mh  hack  fuck 
(07:58 / All) kunt.roII: OMG
(15:13 / Observers) Polardude: anyway, peace out this is boring
(21:57 / All) DT)ArreVA: haha  mh
(22:00 / All) kunt.roII: Heh
(23:29 / All) kunt.roII: LOL
(23:46 / All) DT)ArreVA: u  mh
(23:49 / All) kunt.roII: welp
(24:30 / All) DT)ArreVA: lol
(27:24 / All) kunt.roII: Fuck..
(27:31 / All) kunt.roII: !!!
(27:35 / All) DT)ArreVA: loll
(27:43 / All) kunt.roII: gl & hf